 Dungeon Crawl Stone Soup version 0.31-a0-846-gb3bcc0d938 (webtiles) character file.

Game seed: 14437446732090399044

351 CowFu the Slasher (level 6, 0/52 HPs)
             Began as a Draconian Monk on Oct 4, 2023.
             Slain by an orc priest
             ... wielding a +0 flail
              (5 damage)
             ... on level 5 of the Dungeon.
             The game lasted 00:02:08 (3180 turns).

CowFu the Slasher (Draconian Monk)                  Turns: 3180, Time: 00:02:08

Health: 0/52       AC:  6    Str: 14    XL:     6   Next: 34%
Magic:  6/6        EV: 13    Int: 10    God:
Gold:   266        SH:  0    Dex: 15    Spells: 5/5 levels left

rFire   . . .        a - +0 falchion
rCold   . . .        c - orb {light}
rNeg    . . .        (body armour unavailable)
rPois   .            (helmet restricted)
rElec   .            (no cloak)
rCorr   .            (no gloves)
SInv    .            (no boots)
Will    .....        (no amulet)
Stlth   +            (no ring)
HPRegen 0.28/turn    (no ring)
MPRegen 0.10/turn

%: no passive effects
@: glowing
A: AC +6, unfitting armour, cold-blooded
a: no special abilities


You were on level 5 of the Dungeon.
You visited 1 branch of the dungeon, and saw 5 of its levels.

You collected 266 gold pieces.

Inventory:

Hand Weapons
 a - a +0 falchion (weapon)
Armour
 c - an orb of light (worn)
Jewellery
 g - an amulet of guardian spirit
 p - a ring of ice
Scrolls
 d - 2 scrolls of vulnerability {unknown}
 f - a scroll of fog {unknown}
 h - 3 scrolls of teleportation {unknown}
 i - 4 scrolls of identify {unknown}
 k - a scroll of amnesia {unknown}
 m - a scroll of poison {unknown}
 n - a scroll of enchant weapon {unknown}
 o - a scroll of revelation {unknown}
 r - a scroll of fear {unknown}
Potions
 b - a potion of ambrosia
 j - a potion of degeneration {unknown}
 l - 5 potions of curing {unknown}
 q - a potion of lignification {unknown}


   Skills:
 - Level 4.0 Fighting
 + Level 6.1 Long Blades
 - Level 4.0 Dodging


You had 5 spell levels left.
You didn't know any spells.
Your spell library contained the following spells:

 Spells                   Type           Power      Damage    Failure   Level
 Lesser Beckoning         Tloc           0%         N/A       50%         2
 Gell's Gravitas          Tloc           0%         N/A       75%         3
 Ozocubu's Armour         Ice            0%         N/A       75%         3
 Stone Arrow              Conj/Erth      0%         3d7       75%         3
 Teleport Other           Tloc           0%         N/A       75%         3
 Iskenderun's Battlesphe  Conj           0%         2d6       100%        5
 Bombard                  Conj/Erth      0%         9d1       100%        6
 Ozocubu's Refrigeration  Ice            0%         4d7       100%        7
 Spellforged Servitor     Conj/Summ      0%         N/A       100%        7
 Lehudib's Crystal Spear  Conj/Erth      0%         10d2      100%        8
 Animate Armour           Summ/Erth      Unusable   N/A       N/A         4

Dungeon Overview and Level Annotations

Branches:
Dungeon (5/15)
 Temple: D:4-7

Altars:


Innate Abilities, Weirdness & Mutations

Your plain brown scales are hard. (AC +6)
You cannot fit into any form of body armour.
You are cold-blooded and may be slowed by cold attacks.


Message History

You hit the scorpion but do no damage.
The scorpion is moderately wounded.
You feel very sick. The scorpion misses you.
You hit the scorpion.
The scorpion is heavily wounded.
You feel sick. The scorpion closely misses you.
The scorpion stings you but does no damage.
You barely miss the scorpion.
The scorpion is heavily wounded.
You feel sick. The scorpion completely misses you.
You hit the scorpion but do no damage.
The scorpion is heavily wounded.
You feel sick. The scorpion closely misses you.
You slash the scorpion!
Your tail-slap misses the scorpion.
The scorpion is almost dead.
You feel sick. The scorpion stings you.
You hit the scorpion.
You kill the scorpion!
You feel sick.
Your Long Blades skill increases to level 6!
You hit the orc.
The orc is moderately wounded.
You feel sick. The orc hits you but does no damage.
You hit the orc.
You kill the orc!
You feel sick.
You hit the orc priest but do no damage.
You feel sick. The orc priest barely misses you.
You hit the orc priest but do no damage.
You tail-slap the orc priest, but do no damage.
You feel sick.
You are no longer poisoned.
The orc priest hits you with a +0 flail!
* * * LOW HITPOINT WARNING * * *
You hit the orc priest.
You tail-slap the orc priest, but do no damage.
The orc priest is lightly wounded.
The orc priest hits you with a +0 flail.
You die...

.....'.........+.............
..####.........####..........
.## ##.......## ##.........
.# ##.....## ##.####### .#
##...## #.# .# ##+## #.# .#
#.# .##### ##########.#
...... #...o@.)...# #.####
....########## #.## . ...#
...... #..##. ..# .# .


You could see an orc priest.

Vanquished Creatures
  An ogre (D:4)
  A phantom (D:4)
  A scorpion (D:5)
  An orc wizard (D:3)
  3 adders
  3 worms
  A dart slug (D:4)
  9 orcs
  5 endoplasms
  3 giant cockroaches
  6 goblins
  3 hobgoblins
  2 jackals (D:1)
  9 kobolds
  2 quokkas
  6 ball pythons
  2 bats (D:2)
  4 frilled lizards
  6 rats
68 creatures vanquished.

Notes
Turn   | Place    | Note
-------+----------+-------------------------------------------
     0 | D:1      | CowFu the Draconian Monk began the quest for the Orb.
     0 | D:1      | Reached XP level 1. HP: 19/19 MP: 1/1
   208 | D:1      | Reached XP level 2. HP: 23/26 MP: 2/2
   986 | D:2      | Reached XP level 3. HP: 29/33 MP: 3/3
  1456 | D:2      | Found a faded altar of an unknown god.
  1518 | D:3      | Reached XP level 4. HP: 37/40 MP: 4/4
  2294 | D:4      | Reached skill level 4 in Long Blades
  2437 | D:4      | Noticed an ogre
  2444 | D:4      | Noticed a phantom
  2450 | D:4      | Killed an ogre
  2451 | D:4      | Reached XP level 5. HP: 40/46 MP: 5/5
  2459 | D:4      | Killed a phantom
  2460 | D:4      | Reached skill level 5 in Long Blades
  2558 | D:4      | Reached XP level 6. HP: 52/52 MP: 6/6
  3061 | D:5      | Entered Level 5 of the Dungeon
  3176 | D:5      | Reached skill level 6 in Long Blades
  3180 | D:5      | Slain by an orc priest

Illustrated notes

Levels and vault maps discovered:
D:1:      matt_arrival_debris, layout_basic
D:2:      layout_loops_ring, shapermc_ecumenical_altar_pompeii
D:3:      layout_loops_ring, minmay_door_square
D:4:      layout_loops_ring
D:5:      layout_loops_corners, minmay_gold_behind_fungi

Skill      XL: |  1  2  3  4  5  6 |
---------------+-------------------+-----
Dodging        | 3 4 |  4.0
Fighting       | 4 |  4.0
Long Blades    | 4 5 6 |  6.1

Action                     |  1- 3 |  4- 6 || total
---------------------------+-------+-------++-------
  Melee: Falchion          |    96 |    98 ||   194
         Tailslap          |    12 |    15 ||    27
    Use: Potion            |       |     4 ||     4
 Armour: Skin              |    37 |    38 ||    75
  Dodge: Dodged            |    52 |    57 ||   109

Table legend: (Time is in decaauts)
 A = Elapsed time spent in this place.
 B = Non-inter-level travel time spent in this place.
 C = Inter-level travel time spent in this place.
 D = Time resting spent in this place.
 E = Time spent auto-exploring this place.
 F = Levels seen in this place.
 G = Mean time per level.
                   A        B        C        D        E       F      G
               +--------+--------+--------+--------+--------+-----+--------+
         Total |   3199 |   3076 |    123 |      0 |   2625 |   5 |  639.8 |
       Dungeon |   3199 |   3076 |    123 |      0 |   2625 |   5 |  639.8 |
               +--------+--------+--------+--------+--------+-----+--------+

Top non-repeatable levels by time:
     D:1: 919 daAuts
     D:4: 787 daAuts
     D:3: 785 daAuts
     D:2: 588 daAuts
     D:5: 118 daAuts
